cohdb
Replays
Latest Replays
All Replays
Popular Replays
Top Player Replays
Match Explorer
How It Works
Community
CoH3 Stats
Reddit
Sign in to upload your games and track your stats! →
Sign in with Steam
Match 40546616
Unlisted
Match 40546616
Overview
Messages
Build Orders
End
Pioneer Squad
Pioneer Squad
Construct Infanterie Kompanie
Selects Terror Battlegroup
Selects Machine Gun Camouflage
MG 42 Machine Gun Team
Pioneer Squad
Medical Station
Grenadier Squad
Infanterie Officer Quarters
Construct Panzergrenadier Kompanie
Panzergrenadier Officer Quarters
Selects Defend the Fatherland
Construct Panzer Kompanie
Selects Contempt for the Weak
Stoßtruppen Squad
Stoßtruppen Squad
Panzer Officer Quarters
Defend the Fatherland
Stoßtruppen Squad
Stoßtruppen Squad
Stoßtruppen Squad
Stoßtruppen Squad
Selects King Tiger Heavy Tank
King Tiger Heavy Tank
Support Elements
Nebelwerfer 42 Rocket Launcher Team
Pioneer Squad
MG 42 Machine Gun Team
StuG III G Assault Gun
JCav75
w0nder
BATPIMP
just a chill world leader ♡
0
0
Comments
sign in to comment!
No comments posted yet!